 Dungeon Crawl Stone Soup version 0.16-a0-3946-g4f19e5c (console) character file.

17154 MrRokkomies the Champion of Chaos (level 12, -4/103 HPs)
             Began as a Deep Dwarf Necromancer on Feb 9, 2015.
             Was the Champion of Makhleb.
             Slain by an ice devil (24 damage)
             ... in an ice cave.
             The game lasted 01:45:06 (11204 turns).

MrRokkomies the Champion of Chaos (DDNe)           Turns: 11204, Time: 01:45:07

Health: -4/103     AC: 10    Str: 20      XL:     12   Next: 16%
Magic:  36/36      EV: 12    Int: 17      God:    Makhleb [******]
Gold:   488        SH:  0    Dex: 12 (13) Spells: 4 memorised, 5 levels left

rFire  + . .     SeeInvis .     U - +9 trident (vamp)
rCold  . . .     Clarity  +     M - +3 leather armour {rF+}
rNeg   . . .     SustAb   .     (no shield)
rPois  .         Gourm    .     u - +1 helmet
rElec  .         Spirit   .     I - +0 cloak
rCorr  .         Warding  .     O - +0 pair of gloves
rMut   .         Stasis   .     (no boots)
MR     +....                    Q - amulet of clarity
Stlth  ++........               n - +4 ring of strength
                                k - ring of magical power

@: non-regenerating, somewhat resistant to hostile enchantments, unstealthy
A: damage resistance, recharge devices, sense surroundings 2, slow healing 3
a: Device Recharging, Minor Destruction, Lesser Servant of Makhleb, Major
Destruction, Greater Servant of Makhleb, Renounce Religion


You were in an ice cave.
You worshipped Makhleb.
Makhleb was exalted by your worship.
You were not hungry.

You visited 3 branches of the dungeon, and saw 13 of its levels.
You also visited: Ice Cave.

You collected 620 gold pieces.
You spent 132 gold pieces at shops.

Inventory:

Hand weapons
 U - a +9 vampiric trident (weapon)
Missiles
 h - 17 stones
 A - 4 javelins (quivered)
 G - a throwing net
Armour
 u - a +1 helmet (worn)
 I - a +0 cloak (worn)
 M - a +3 leather armour of fire resistance (worn)
 O - a +0 pair of gloves (worn)
Jewellery
 k - a ring of magical power (left hand)
 n - a +4 ring of strength (right hand)
 x - an uncursed amulet of warding
 Q - an amulet of clarity (around neck)
 Y - an uncursed ring of flight
Magical devices
 a - a wand of magic darts (24)
 c - a wand of heal wounds (5)
 B - a wand of lightning (7)
 S - a wand of flame (21)
 V - a wand of confusion (22)
 W - a wand of lightning (2)
Scrolls
 s - 6 scrolls of teleportation
 z - 3 scrolls of remove curse
 H - 4 scrolls of identify
 J - 3 scrolls of fear
 R - a scroll of immolation
 T - a scroll of recharging
Potions
 f - 3 potions of curing
 i - a potion of heal wounds
 m - 2 potions of agility
 p - a potion of brilliance
 t - 2 potions of cancellation
 w - a potion of haste
 K - a potion of might
 N - a potion of magic
Comestibles
 d - 3 bread rations
 l - 3 meat rations
 D - 6 fruits


   Skills:
 - Level 5.0 Fighting
   Level 5.0 Maces & Flails
 * Level 11.4 Polearms
 - Level 3.1 Armour
 - Level 2.1 Dodging
 - Level 2.4 Stealth
 - Level 4.0 Spellcasting
 - Level 10.0 Necromancy
 * Level 2.1 Earth Magic
 - Level 12.0 Invocations


You had 5 spell levels left.
You knew the following spells:

 Your Spells              Type           Power        Failure   Level  Hunger
a - Animate Dead          Necr           N/A          2%          4    ####...
b - Vampiric Draining     Necr           #####.....   1%          3    ###....
c - Animate Skeleton      Necr           N/A          1%          1    None
d - Iron Shot             Conj/Erth      #.........   100%        6    #######


Dungeon Overview and Level Annotations

Branches:
Dungeon (11/15)            Temple (1/1) D:6            Lair (1/8) D:11
    Orc (0/4) D:10

Altars:
Ashenzari
Cheibriados
Dithmenos
Elyvilon
Fedhas
Gozag
Kikubaaqudgha
Makhleb
Nemelex Xobeh
Okawaru
Qazlal
Ru
Sif Muna
Trog
Vehumet
Xom
Yredelemnul
Zin
The Shining One
Beogh

Shops:
D:5 }   D:7 !   D:10 :

Portals:
Trove: D:10 (give 14 scrolls of teleportation)

Annotations:
D:8 Bikalo's ghost, experienced MiFi IceCv exclusion: 2 ice statues


Innate Abilities, Weirdness & Mutations

You are resistant to damage.
You can recharge devices by infusing magical energy.
You passively map the area around you.
You do not heal naturally.


Message History

Aim: an ice devil (lightly wounded)
The ice devil is unaffected.
You feel slightly more hungry.
You start waiting.
Use which ability? (? or * to list)
Press: ? - help, Shift-Dir - straight line, f/p - ice devil
Aim: an ice devil The zap hits the ice devil.
The ice devil is lightly wounded.
You feel slightly more hungry.
You start waiting.
You hit the ice devil.
The ice devil is lightly wounded.
The ice devil hits you. The ice devil freezes you!!
* * * LOW HITPOINT WARNING * * *
You hit the ice devil.
The ice devil is moderately wounded.
The ice devil hits you!
* * * LOW HITPOINT WARNING * * *
The ice devil freezes you!!
You die...

##.## , ≈≈ #...... ....
* * *#...=.. ...##
≈≈##..... *,,...#...
##...# ....#..., *### ≈
##...# *
###..#..###...## ≈
#...## *
.......#.........##
#...## * ,
,...##.....3## §.§.#
##...#
.....##.....@###§4..#*
##...
*.......#........#.§..#
##..
*#......####..##§§§§§#
##..#
*#..§.§.§..##...§###
#..##
###§..........###≈≈
####..## ##§......####
###8#....#
###..§######≈
≈≈###.§...§... ##..§###
≈≈≈####......§....
##...##
######..............


You could see an ice devil.

Vanquished Creatures
  A centaur warrior (D:10)
  The ghost of motku the Basher, an experienced OpBe of Trog (D:9)
  An ice devil (IceCv)
  2 unseen horrors
  2 hill giants
  2 ugly things (D:11)
  A manticore (D:10)
  Maurice (D:11)
  A centaur zombie (D:11)
  A centaur skeleton (D:10)
  2 wandering mushrooms (Lair:1)
  Prince Ribbit (D:9)
  4 blue devils (IceCv)
  A boulder beetle (D:9)
  A shadow (D:11)
  A trapdoor spider (D:7)
  A wyvern (D:8)
  5 wolves (Lair:1)
  Eustachio (D:8)
  7 yaks
  2 hungry ghosts
  A hippogriff (D:9)
  4 ice beasts
  A sky beast (D:9)
  2 porcupines (Lair:1)
  A black bear (D:8)
  4 orc warriors (D:10)
  An eye of draining (D:11)
  5 ogres
  5 centaurs
  Duvessa (D:8)
  2 big kobolds
  12 giant frogs
  4 scorpions
  10 wights
  A goliath beetle (D:7)
  A crimson imp (D:9)
  2 quasits (D:11)
  A giant frog zombie (D:5)
  11 hounds
  7 orc priests
  3 orc wizards
  5 giant frog skeletons
  4 jellies
  2 iguanas
  11 worker ants
  Ijyb (D:6)
  A hound zombie (D:6)
  3 worker ant zombies
  8 gnolls
  22 adders
  A giant mite (D:6)
  A shadow imp (D:6)
  8 white imps (IceCv)
  2 worms (D:2)
  7 ufetubi (IceCv)
  3 adder zombies
  4 giant geckos
  An ooze (D:1)
  47 orcs
  15 bats
  A bat skeleton (D:5)
  11 giant cockroaches
  19 hobgoblins
  12 jackals
  19 kobolds
  7 quokkas
  4 ball pythons (D:9)
  A giant gecko skeleton (D:5)
  7 giant newts
  A giant spore (D:9)
  9 goblins
  A hobgoblin zombie (D:6)
  10 rats
  A ballistomycete (D:9)
367 creatures vanquished.

Vanquished Creatures (collateral kills)
  A hill giant (D:10)
  A cyclops (D:11)
  A wandering mushroom (Lair:1)
  A hippogriff (Lair:1)
  3 yaks
  2 orc warriors (D:10)
  A centaur (D:9)
  2 ice beasts
  A giant frog (D:11)
  A scorpion (D:11)
  An electric eel (Lair:1)
  Dowan (D:8)
  A jelly (D:10)
  An orc priest (D:9)
  2 orc wizards (D:10)
  A worker ant (D:5)
  An adder (D:6)
  A shadow imp (D:6)
  A white imp (D:8)
  An orc (D:9)
  A giant cockroach (D:3)
  A hobgoblin (D:8)
  A kobold (D:3)
  A giant cockroach zombie (D:6)
  A rat (D:9)
30 creatures vanquished.

Vanquished Creatures (others)
  A centaur zombie (D:10)
  A manticore zombie (D:10)
  A hippogriff zombie (D:9)
  3 yak zombies
  A wolf zombie (Lair:1)
  3 giant frog zombies
  A black bear skeleton (D:8)
  2 human skeletons
  2 ogre zombies
  A big kobold zombie (D:11)
  2 hound zombies
  An elf skeleton (D:8)
  2 ufetubi (IceCv)
  An adder zombie (D:9)
  3 adder skeletons
  A ball python skeleton (D:9)
  A ball python zombie (D:9)
  A giant cockroach zombie (D:8)
  A giant gecko skeleton (D:8)
  5 gnoll skeletons
  A goblin skeleton (D:3)
  2 hobgoblin skeletons
  2 hobgoblin zombies
  3 jackal skeletons (D:3)
  A kobold skeleton (D:3)
  4 kobold zombies
  2 orc skeletons (D:9)
  9 orc zombies
  A rat skeleton (D:6)
  A fungus (Lair:1)
60 creatures vanquished.

Grand Total: 457 creatures vanquished

Notes
Turn   | Place    | Note
--------------------------------------------------------------
     0 | D:1      | MrRokkomies, the Deep Dwarf Necromancer, began the quest for the Orb.
     0 | D:1      | Reached XP level 1. HP: 15/15 MP: 2/2
   181 | D:1      | Reached XP level 2. HP: 21/24 MP: 3/3
   286 | D:1      | Reached skill level 1 in Fighting
   286 | D:1      | Reached skill level 1 in Maces & Flails
   624 | D:1      | Reached XP level 3. HP: 17/31 MP: 5/5
   751 | D:1      | Learned a level 3 spell: Vampiric Draining
   753 | D:1      | Learned a level 1 spell: Animate Skeleton
   867 | D:2      | Found a sparkling altar of Nemelex Xobeh.
  1144 | D:2      | Reached XP level 4. HP: 35/39 MP: 6/6
  1735 | D:3      | Reached skill level 5 in Necromancy
  2432 | D:3      | Reached XP level 5. HP: 40/46 MP: 7/7
  2646 | D:4      | Reached skill level 1 in Armour
  2761 | D:4      | Found a blossoming altar of Fedhas.
  2971 | D:4      | Reached XP level 6. HP: 50/56 MP: 9/9
  3117 | D:5      | Entered Level 5 of the Dungeon
  3211 | D:5      | Learned a level 4 spell: Animate Dead
  3225 | D:5      | Found a glowing golden altar of the Shining One.
  3520 | D:5      | Reached XP level 7. HP: 39/64 MP: 8/10
  3688 | D:5      | Found Wuech's Gadget Emporium.
  4285 | D:6      | Noticed Ijyb
  4302 | D:6      | Killed Ijyb
  4375 | D:6      | Reached skill level 5 in Maces & Flails
  4580 | D:6      | Reached skill level 5 in Fighting
  4580 | D:6      | Reached skill level 1 in Polearms
  4727 | D:6      | Found a staircase to the Ecumenical Temple.
  4900 | Temple   | Entered the Ecumenical Temple
  5005 | D:7      | Found Shroruhu's Distillery.
  5013 | D:7      | Bought a potion of heal wounds for 55 gold pieces
  5013 | D:7      | Bought a potion of decay for 11 gold pieces
  5013 | D:7      | Bought a potion of heal wounds for 55 gold pieces
  5013 | D:7      | Bought a potion of poison for 11 gold pieces
  5057 | D:7      | Reached XP level 8. HP: 53/74 MP: 2/12
  5195 | D:7      | Noticed a trapdoor spider
  5206 | D:7      | Killed a trapdoor spider
  5215 | D:7      | Reached skill level 6 in Necromancy
  5335 | D:7      | Found a shattered altar of Ashenzari.
  5410 | D:7      | Found a burning altar of Makhleb.
  5415 | D:7      | Became a worshipper of Makhleb the Destroyer
  5947 | D:7      | Reached skill level 7 in Necromancy
  6386 | D:8      | Reached skill level 5 in Polearms
  6406 | D:8      | Noticed Eustachio
  6419 | D:8      | Noticed Bikalo's ghost (experienced MiFi)
  6431 | D:8      | Gained mutation: You passively map the area around you. [level up]
  6431 | D:8      | Reached XP level 9. HP: 41/81 MP: 9/13
  6439 | D:8      | Killed Eustachio
  6439 | D:8      | Reached skill level 8 in Necromancy
  6565 | D:8      | Acquired Makhleb's first power
  6685 | D:8      | Noticed Dowan
  6697 | D:8      | Killed Dowan
  6735 | D:8      | Noticed Duvessa
  6748 | D:8      | Killed Duvessa
  6831 | D:8      | Your ally Duvessa died
  6841 | D:8      | Noticed a wandering mushroom
  6996 | D:9      | Reached skill level 9 in Necromancy
  7046 | D:9      | Noticed motku's ghost (experienced OpBe)
  7061 | D:9      | Killed motku's ghost
  7066 | D:9      | Reached skill level 10 in Necromancy
  7132 | D:9      | Noticed Prince Ribbit
  7154 | D:9      | Killed Prince Ribbit
  7154 | D:9      | Reached skill level 1 in Invocations
  7317 | D:9      | Acquired Makhleb's second power
  7317 | D:9      | Reached XP level 10. HP: 55/88 MP: 14/14
  7906 | D:9      | Acquired Makhleb's third power
  8277 | D:10     | Entered Level 10 of the Dungeon
  8328 | D:10     | Reached skill level 5 in Invocations
  8453 | D:10     | Found Anwes' Book Boutique.
  8454 | D:10     | Noticed a hill giant
  8500 | D:10     | Killed a hill giant
  8589 | D:10     | Noticed a manticore
  8607 | D:10     | Killed a manticore
  8703 | D:10     | Acquired Makhleb's fourth power
  8831 | D:10     | Found a roughly hewn altar of Beogh.
  8831 | D:10     | Found a staircase to the Orcish Mines.
  8848 | D:10     | Noticed a centaur warrior
  8863 | D:10     | Killed a centaur warrior
  8863 | D:10     | Reached XP level 11. HP: 88/94 MP: 22/22
  8894 | D:10     | Noticed a hill giant
  8908 | D:10     | Killed a hill giant
  9064 | D:10     | Found a portal to a secret trove of treasure.
  9176 | D:10     | Learned a level 6 spell: Iron Shot
  9186 | D:10     | Acquired Makhleb's fifth power
  9439 | D:10     | Killed an unseen horror
  9639 | D:11     | Noticed a hill giant
  9649 | D:11     | Killed a hill giant
  9699 | D:11     | Found a staircase to the Lair.
  9726 | D:11     | Noticed Maurice
  9744 | D:11     | Killed Maurice
  9792 | D:11     | Killed an unseen horror
  9792 | D:11     | Reached skill level 10 in Polearms
 10055 | D:11     | Your ally Maurice died
 10069 | D:11     | Reached skill level 10 in Invocations
 10410 | D:11     | Reached skill level 11 in Invocations
 10617 | Lair:1   | Entered Level 1 of the Lair of Beasts
 10839 | Lair:1   | Reached XP level 12. HP: 76/103 MP: 27/27
 10926 | Lair:1   | Found a frozen archway.
 10957 | IceCv    | Entered an ice cave
 11089 | IceCv    | Reached skill level 12 in Invocations
 11165 | IceCv    | Reached skill level 1 in Earth Magic
 11204 | IceCv    | Slain by an ice devil

Action                   |  1- 3 |  4- 6 |  7- 9 | 10-12 || total
-------------------------+-------+-------+-------+-------++-------
Melee: Mace              |    71 |       |       |       ||    71
       Unarmed           |    12 |       |       |       ||    12
       Short sword       |     2 |       |       |       ||     2
       Quarterstaff      |    29 |   195 |    66 |       ||   290
       Spear             |       |       |   226 |   209 ||   435
       Whip              |       |       |    24 |       ||    24
       Trident           |       |       |       |   505 ||   505
 Fire: Blowgun           |       |       |    18 |    13 ||    31
Throw: Stone             |     4 |       |       |       ||     4
       Javelin           |       |    16 |     6 |     3 ||    25
 Cast: Pain              |     5 |     3 |       |       ||     8
       Vampiric Draining |     6 |    23 |    98 |    20 ||   147
       Animate Skeleton  |       |    13 |    16 |     7 ||    36
       Animate Dead      |       |       |     4 |    24 ||    28
Invok: Minor Destruction |       |       |       |     4 ||     4
Evoke: Wand              |     1 |       |       |     3 ||     4
  Use: Scroll            |     4 |    13 |     4 |    11 ||    32
       Potion            |       |       |     1 |     4 ||     5
 Stab: Sleeping          |     2 |     5 |       |     6 ||    13
       Distracted        |       |     1 |     1 |     3 ||     5
       Invisible         |       |       |       |     1 ||     1
  Eat: Chunk             |     2 |    12 |    22 |    16 ||    52
       Beef jerky        |       |       |     2 |       ||     2
       Pizza             |       |       |     1 |       ||     1
       Meat ration       |       |       |       |     2 ||     2
       Bread ration      |       |       |       |     1 ||     1
